 Dungeon Crawl Stone Soup version 0.23.2-11-gf996548 (webtiles) character file.

Game seed: 1376205780868153531

1463 Fang the Skirmisher (level 8, -3/52 HPs)
             Began as a Gargoyle Berserker on June 6, 2019.
             Was a Priest of Trog.
             Slain by an orc warrior
             ... wielding a +0 hand axe
              (9 damage)
             ... on level 6 of the Dungeon.
             The game lasted 00:05:37 (5136 turns).

Fang the Skirmisher (Gargoyle Berserker)            Turns: 5136, Time: 00:05:38

Health: -3/52      AC: 15    Str: 24      XL:     8   Next: 77%
Magic:  8/8        EV:  2    Int:  7      God:    Trog [***...]
Gold:   454        SH:  0    Dex:  1 (9)  Spells: 7/7 levels left

rFire    . . .     SeeInvis .   w - +0 hand axe (chop)
rCold    . . .     Gourm    .   (no shield)
rNeg     + . .     Faith    .   b - +0 chain mail
rPois    ∞         Spirit   .   (no helmet)
rElec    +         Reflect  .   e - +1 cloak
rCorr    .         Harm     .   (no gloves)
MR       .....                  (no boots)
Stlth    ..........             m - amulet of inaccuracy (curse)
HPRegen  0.17/turn              g - -3 ring of protection (curse)
MPRegen  0.11/turn              A - +1 ring of evasion

@: berserk cooldown, slowed, lost dexterity, very slow
A: negative energy resistance 1, electricity resistance, unbreathing,
petrification resistance, rot immunity, AC +5
a: Berserk, Trog's Hand, Renounce Religion


You were on level 6 of the Dungeon.
You worshipped Trog.
Trog was most pleased with you.
You were not hungry.

You visited 2 branches of the dungeon, and saw 7 of its levels.

You collected 454 gold pieces.

Inventory:

Hand Weapons
 a - a +0 hand axe
 w - a +0 hand axe of chopping (weapon)
Armour
 b - a +0 chain mail (worn)
 e - a +1 cloak (worn)
Jewellery
 g - a cursed -3 ring of protection (left hand)
 m - a cursed amulet of inaccuracy (around neck)
 n - an uncursed amulet of magic regeneration {unknown}
 A - a +1 ring of evasion (right hand)
 B - an uncursed ring of fire {unknown}
Wands
 l - a wand of random effects (12)
 u - a wand of iceblast (12)
 y - a wand of polymorph (5)
 D - a wand of acid (6)
Scrolls
 i - 4 scrolls of enchant armour {unknown}
 j - 5 scrolls of fear {unknown}
 k - 4 scrolls of identify {unknown}
 o - 2 scrolls of amnesia {unknown}
 p - 3 scrolls of magic mapping {unknown}
 q - 4 scrolls of teleportation {unknown}
 s - 2 scrolls of remove curse {unknown}
 t - a scroll of noise {unknown}
 C - a scroll of immolation {unknown}
Potions
 d - a potion of lignification {unknown}
 f - 4 potions of curing {unknown}
 h - 2 potions of degeneration {unknown}
 r - a potion of mutation {unknown}
 v - a potion of cancellation {unknown}
 x - a potion of heal wounds {unknown}
Comestibles
 c - 8 rations


   Skills:
 + Level 6.6 Fighting
 + Level 5.4 Axes
 + Level 6.2 Armour
 + Level 4.6 Dodging


You had 7 spell levels left.
You didn't know any spells.
Your spell library was empty.

Dungeon Overview and Level Annotations

Branches:
Dungeon (6/15)             Temple (1/1) D:5

Altars:
Cheibriados
Dithmenos
Hepliaklqana
Makhleb
Nemelex Xobeh
Okawaru
Qazlal
Ru
Sif Muna
Vehumet
Wu Jian
Xom
Zin

Shops:
D:5 !


Innate Abilities, Weirdness & Mutations

You are resistant to torment.
Your stone body is resilient. (AC +5)
You are immune to poison.
You resist negative energy. (rN+)
You are resistant to electric shocks. (rElec)
You can survive without breathing.
You are immune to petrification.
You are immune to rotting.


Message History

You feel your dexterity returning.
You slash the orc priest! You hit the orc warrior.
The orc priest hits you but does no damage.
The orc warrior hits you with a +0 hand axe!
You closely miss the orc warrior.
The orc warrior is moderately wounded.
You closely miss the orc priest.
You are no longer berserk.
You are exhausted.
You feel yourself slow down.
The orc priest mumbles some strange prayers to Beogh against you.
Beogh smites you!
* * * LOW HITPOINT WARNING * * *
The orc warrior barely misses you.
You miss the orc warrior.
The orc warrior is moderately wounded.
You hit the orc priest.
The orc priest hits you but does no damage.
The orc warrior hits you with a +0 hand axe!
You die...

# . #### #... ######
###...##....
#.........###
#<.....o....#
#....o@...#.#
###...##)##.# #...
#.##.### ##.#
#...(..# #.
#.###...######### #.
#. #.).......... #
#.###............
##...............
#.####.....#########


You could see an orc warrior and an orc priest.

Vanquished Creatures
  Sigmund (D:2)
  A sky beast (D:5)
  An ice beast (D:6)
  2 phantoms (D:4)
  2 centaurs (D:5)
  A scorpion (D:6)
  A crimson imp (D:5)
  5 hounds
  A quasit (D:6)
  2 jellies (D:5)
  Crazy Yiuf (D:4)
  4 orc wizards
  A centaur skeleton (D:4)
  An iguana (D:6)
  5 worker ants
  6 adders
  A shadow imp (D:5)
  An ooze (D:4)
  A worm (D:2)
  A dart slug (D:1)
  4 leopard geckos
  4 orcs
  A giant cockroach (D:5)
  8 goblins
  6 hobgoblins
  14 jackals
  6 kobolds
  2 quokkas
  10 bats
  4 frilled lizards
  A quokka zombie (D:5)
  5 rats
104 creatures vanquished.

Notes
Turn   | Place    | Note
-------+----------+-------------------------------------------
     0 | D:1      | Fang the Gargoyle Berserker began the quest for the Orb.
     0 | D:1      | Reached XP level 1. HP: 14/14 MP: 1/1
   182 | D:1      | Reached XP level 2. HP: 14/19 MP: 2/2
   345 | D:1      | You fall through a shaft!
   507 | D:2      | Reached XP level 3. HP: 21/23 MP: 3/3
   518 | D:2      | Noticed Sigmund
   535 | D:2      | Killed Sigmund
   535 | D:2      | Reached XP level 4. HP: 17/30 MP: 4/4
   535 | D:2      | Reached XP level 5. HP: 20/34 MP: 5/5
   871 | D:2      | Found a deep blue altar of Sif Muna.
  1397 | D:1      | Reached ** piety under Trog
  1839 | D:3      | Reached XP level 6. HP: 31/39 MP: 6/6
  1952 | D:3      | Found a shadowy altar of Dithmenos.
  2064 | D:3      | Found an iron altar of Okawaru.
  2066 | D:3      | Found a shimmering altar of Xom.
  2066 | D:3      | Found a sacrificial altar of Ru.
  2068 | D:3      | Found a shimmering altar of Xom.
  2068 | D:3      | Found a hazy altar of Hepliaklqana.
  2068 | D:3      | Found a sparkling altar of Nemelex Xobeh.
  2292 | D:4      | Found a runed translucent door.
  2293 | D:4      | Noticed Crazy Yiuf
  2367 | D:4      | Noticed a phantom
  2430 | D:4      | Killed a phantom
  2490 | D:4      | Reached skill level 5 in Fighting
  2595 | D:4      | Reached XP level 7. HP: 40/44 MP: 7/7
  2999 | D:4      | Reached skill level 5 in Armour
  3063 | D:4      | Found an iron altar of Okawaru.
  3090 | D:4      | Found a radiant altar of Vehumet.
  3090 | D:4      | Found a glowing silver altar of Zin.
  3173 | D:4      | Killed Crazy Yiuf
  3245 | D:5      | Entered Level 5 of the Dungeon
  3320 | D:5      | Reached XP level 8. HP: 37/51 MP: 8/8
  3443 | D:5      | Reached *** piety under Trog
  3494 | D:5      | Reached skill level 5 in Axes
  3843 | D:5      | Found a stormy altar of Qazlal.
  3948 | D:5      | Found a staircase to the Ecumenical Temple.
  4013 | D:5      | Found Soazimo's Distillery.
  4067 | Temple   | Entered the Ecumenical Temple
  4194 | D:5      | Found a sacrificial altar of Ru.
  4350 | D:6      | Found a sacrificial altar of Ru.
  4479 | D:6      | Found a hazy altar of Hepliaklqana.
  4510 | D:6      | Found a burning altar of Makhleb.
  4674 | D:6      | Lost dexterity.
  5136 | D:6      | Slain by an orc warrior

Skill      XL: |  1  2  3  4  5  6  7  8 |
---------------+-------------------------+-----
Axes           | 3 4 5 |  5.4
Dodging        | 2 3 4 |  4.6
Fighting       | 4 5 6 |  6.6
Armour         | 3 4 5 6 |  6.2

Action                   |  1- 3 |  4- 6 |  7- 9 || total
-------------------------+-------+-------+-------++-------
Melee: Hand axe          |    54 |   219 |   329 ||   602
Invok: Berserk           |       |       |     6 ||     6
  Eat: Chunk             |       |     6 |    12 ||    18
       Ration            |       |       |     1 ||     1
Armor: Animal skin       |    18 |    40 |       ||    58
       Chain mail        |       |    93 |   352 ||   445
Dodge: Dodged            |    30 |   137 |   242 ||   409
